[Event "Silves Open 2025"]
[Site "Fissul"]
[Date "2025.03.03"]
[Round "4.2"]
[White "Martins, Bruno Andre Leite"]
[Black "Alshameary Puente, Ismael"]
[Result "0-1"]
[Annotator "TA"]
[ECO "B41"]
[WhiteElo "2360"]
[BlackElo "2343"]
[PlyCount "286"]
[EventDate "2025.03.03"]
[EventType "swiss"]
[EventCountry "POR"]
[SourceTitle "playchess.com"]
[Source "ChessBase"]
[SourceQuality "1"]
[TimeControl "5400+30"]

1. e4 c5 2. Nf3 e6 3. d4 cxd4 4. Nxd4 a6 5. c4 Nf6 6. Nc3 Qc7 7. a3 {[%emt 0:00:24] The main line 7.a3 scores better than 7.Be2.} b6 8. Bd3 Bb7 {[%emt 0:02:06] B41: Sicilian: Kan Variation: 5 c4.} 9. f4 d6 10. f5 Nc6 {[%emt 0:11:31] White is slightly better.} 11. Be3 Nxd4 12. Bxd4 Be7 13. O-O O-O 14. Qf3 Nd7 (14... Rae8 $14) 15. fxe6 $16 fxe6 16. Qg4 Bf6 $146 (16... e5 17. Qe6+ Kh8 18. Qxe7 exd4 19. Nd5 Bxd5 20. exd5 Rac8 21. Qe4 g6 22. Qxd4+ Ne5 {½-½ Singh,S (2050)-Guru,P (1817) Wch U20 61st 2024 (8)}) 17. Qxe6+ Kh8 18. Bxf6 Nxf6 19. Qh3 Rae8 20. Nd5 (20. Rae1 $16) 20... Qc5+ $11 21. Kh1 {[%emt 0:00:40][%cal Oe4e5] And now e5! would win.} Bc8 (21... Qd4 $11 {remains equal.}) 22. Qe3 $16 Ng4 23. Qxc5 bxc5 24. Kg1 {[%emt 0:01:42] Prevents Nf2.} a5 25. Nc7 Rd8 26. Rxf8+ Rxf8 27. Nb5 Rd8 28. Rd1 Ne5 29. Be2 Nf7 30. Kf2 g6 {[%emt 0:00:29] [#]} (30... Be6 $16 31. b3 Rd7) 31. Ke3 (31. e5 $1 $18) 31... Kg7 32. Rf1 Ne5 33. Kd2 Bb7 34. Ke3 (34. Nc3 $16) 34... Bc6 (34... Bc8 $1 $11) 35. Rd1 Nf7 36. Bf3 Kf8 37. Rd2 Ke7 38. Na7 (38. a4 $14) 38... Bd7 $11 39. Nb5 Rb8 (39... Bc6 $11) 40. a4 $14 Rd8 41. Bd1 Bc6 42. b3 Ne5 43. Rf2 Bd7 44. h3 Be6 45. Nc7 Rc8 46. Nd5+ Bxd5 47. exd5 {[%emt 0:00:11][%mdl 4096] Endgame KRB-KRN. White is a pawn up.} Rb8 48. Bc2 Rc8 49. Rf4 Rc7 50. h4 (50. Kd2 $16) 50... h5 $11 51. Bd1 Rb7 52. Rf1 Rb8 53. Rf4 Rb7 54. Ke4 Rb6 55. Rf2 Rb8 56. Rf1 Rb7 57. Ke3 Rb8 58. Rf4 Rb7 $1 59. Kd2 Rb8 60. g3 (60. Bc2 $16) 60... Rb7 61. Kc3 Rb8 62. Re4 Rf8 63. Rf4 Rb8 64. Be2 Rg8 65. Re4 Rf8 66. Rf4 Rg8 67. Kd2 Rb8 68. Bd1 Rg8 69. Kc2 Rb8 70. Kd2 Rg8 71. Re4 Rf8 72. Ke2 Rb8 73. Kf2 Rf8+ 74. Kg2 Rb8 75. Re3 Kf6 76. Kh3 Kf5 77. Bc2+ Kf6 78. Re4 Re8 79. Bd1 Rb8 80. Re2 Rb7 81. Re3 Rb8 82. g4 hxg4+ 83. Bxg4 Ke7 84. Kg3 Rf8 85. Re1 Rb8 86. Bd1 Kf6 87. Rf1+ Kg7 88. Rh1 Rf8 89. h5 gxh5 90. Bxh5 Rf6 91. Bd1 Rf8 92. Rg1 Rf6 93. Rh1 Rf8 94. Kg2 Rf4 95. Bc2 Rd4 96. Kg3 Rd2 97. Rh7+ Kf6 98. Be4 Rb2 99. Kf4 Rxb3 100. Rh6+ Ke7 101. Rh7+ Kf6 102. Rh6+ Ke7 103. Rh7+ Kd8 104. Bf5 Rf3+ 105. Kg5 Nxc4 106. Ra7 (106. Rh8+ $11 Kc7 107. Rh7+ Kb8 (107... Kb6 108. Bc8 $11) 108. Rh8+ Ka7 109. Rh7+ Kb8) 106... Ra3 (106... Nb6 $15 107. Rxa5 Kc7 (107... Nxd5 108. Ra7 $15) 108. Ra7+ Kb8) 107. Rd7+ Ke8 108. Rb7 Rf3 (108... Rxa4 $2 109. Bd7+ Kd8 110. Bxa4 $18) 109. Rb8+ Ke7 110. Rb7+ Kd8 (110... Ke8 $11) 111. Ra7 $17 Re3 (111... Ne5 $17 112. Rxa5 Kc7) 112. Kf6 (112. Rd7+ $11 Ke8 113. Kf6) 112... Nb6 113. Be6 (113. Kf7 $17 {was called for.}) 113... Rf3+ (113... Nxa4 114. Rd7+ Kc8 115. Rxd6+ Kb7 116. Rc6 $16) 114. Kg6 Ra3 (114... Nxa4 115. Rd7+ Ke8 116. Rxd6 $11) ({Better is} 114... c4 $19 {...c3 would now be deadly.} 115. Rxa5 Rd3) 115. Rb7 $15 Rb3 (115... Nxa4 116. Rd7+ Kc8 117. Rxd6+ Kb7 118. Rc6 $11) 116. Ra7 $2 {[%emt 0:00:36] Now White is beyond hope.} ({White should try} 116. Bf5 $15) 116... Rb4 $19 (116... Nxa4 117. Rd7+ Kc8 118. Rxd6+ Kb7 119. Rd7+ Ka6 120. Rc7 $15) 117. Rxa5 $2 (117. Bf5) 117... Rxa4 ({And not} 117... Nxa4 118. Ra8+ Kc7 119. Kf6 $11) 118. Rb5 ({Of course not} 118. Rxa4 Nxa4 119. Kf5 Kc7 $19) 118... Kc7 119. Kf7 Rd4 120. Ra5 Nxd5 121. Ra8 Rf4+ 122. Ke8 (122. Kg7 $142 Kc6 123. Ra6+ Nb6 124. Bf7) 122... Nb6 123. Ra7+ Kc6 124. Kd8 Rf8+ 125. Ke7 Rh8 126. Ra6 Ra8 127. Bd7+ {[%emt 0:01:10] [#]} Kc7 $1 {[%emt 0:00:02] Black mates.} 128. Rxa8 Nxa8 {[%emt 0:00:01] KB-KN. Black is two pawns up.} 129. Ke6 Nb6 130. Bb5 c4 131. Kf5 c3 132. Bd3 Nd5 133. Ke4 Nb4 134. Ke3 Kc6 135. Bh7 Kc5 136. Ke2 d5 137. Kd1 Kc4 138. Kc1 d4 139. Bg8+ Kd3 140. Bf7 Ke3 141. Be6 d3 142. Bb3 d2+ 143. Kd1 {[%emt 0:00:08] [#]} c2+ $1 {[%emt 0:00:09][%mdl 32768] Weighted Error Value: White=0.15 (very precise) /Black=0.14 (very precise)  Loss on time!?  Loses game:     	White=1     	---        Mistake:       	White=11    	Black=9      Inaccurate:     	White=9     	Black=10     OK:         	White=39    	Black=48     Best:        	White=4     	Black=13     Strong:       	---       	Black=1} 0-1

[Event "Silves Open 2025"]
[Site "Fissul"]
[Date "2025.03.03"]
[Round "4.4"]
[White "Lux, Hugo de Melo"]
[Black "Malassagne, Raphael"]
[Result "1-0"]
[Annotator "TA"]
[ECO "B10"]
[WhiteElo "2329"]
[BlackElo "2267"]
[PlyCount "99"]
[EventDate "2025.03.03"]
[EventType "swiss"]
[EventCountry "POR"]
[SourceTitle "playchess.com"]
[Source "ChessBase"]
[SourceQuality "1"]
[TimeControl "5400+30"]

1. e4 c6 2. Nf3 d5 3. e5 c5 4. c4 e6 5. cxd5 exd5 6. d4 {[%emt 0:00:05] B10: Caro-Kann: 2 d3 and 2 c4.} Nc6 7. Bb5 cxd4 8. Nxd4 {[%emt 0:00:17] White is slightly better.} Bb4+ 9. Nc3 $146 (9. Bd2 Bxd2+ 10. Qxd2 Nge7 11. O-O O-O 12. Re1 Qb6 13. Bxc6 bxc6 14. b4 a5 15. bxa5 Rxa5 {0-1 Vranidis,G (1998)-Pezerovic,E (2447) Bayern-chI Bank Hofmann 13th 2009 (1)}) 9... Nge7 10. Bg5 Bd7 {[%emt 0:06:35] [#]} 11. e6 fxe6 $15 12. Bxc6 bxc6 13. Qh5+ Kf8 14. Qe2 h6 15. Bd2 Nf5 ({Black should play} 15... Kf7 $17 16. Qf3+ Kg8) 16. Nf3 (16. Nxe6+ $15 Bxe6 17. Qxe6) 16... c5 (16... Qf6 $17 {and ...Bd6 should not be overlooked} 17. Ne5 Be8) 17. Ne5 Be8 18. O-O Nd4 19. Qd1 Qf6 20. f4 {[%emt 0:00:20][%cal Oc3d5] next Nxd5! is good for White.} Kg8 {[%emt 0:06:04] [#]} (20... Nf5 $11 {remains equal.}) 21. Nxd5 $1 $16 exd5 22. Bxb4 Qb6 (22... cxb4 $142 23. Qxd4 Kh7 24. Qxd5 (24. Qxb4 Bg6 $16) 24... Bg6) 23. Bc3 Bb5 (23... h5 $16 24. f5 (24. Bxd4 cxd4 25. Qb3 Qxb3 $14) 24... Rh6) 24. Rf2 Kh7 25. a4 Bc4 26. a5 Qb3 $2 (26... Qe6 $16 {is more resistant.} 27. Bxd4 cxd4 28. Qxd4 Rhc8) 27. Bxd4 $2 (27. Qb1+ Kg8 28. Qg6 (28. Bxd4 cxd4 29. Qg6 Qe3 $18)) 27... Qxd1+ $18 28. Rxd1 {[%emt 0:00:01][%csl Oe5] Strong Square White (e5)} cxd4 29. Rxd4 Rac8 30. g4 {[%emt 0:03:41][%cal Bg2g4,Bg4g5][%mdl 32] White is much more active.} Rhe8 31. h4 Re7 32. g5 g6 33. Ng4 (33. Rc2 $18) 33... Re1+ {[%emt 0:00:20] [#]} (33... hxg5 $16 34. hxg5 (34. fxg5 Kg7 $16) 34... Rc5) 34. Kh2 $1 hxg5 35. fxg5 (35. hxg5 Rc1 36. Ne5 Ba2) 35... Kg7 36. Nf6 $36 {[%emt 0:01:13][%mdl 2048] White has strong initiative.} Rc5 {[%emt 0:02:35] [#]} 37. b4 ({Better is} 37. b3 $1 $18 Bxb3 38. Rb4) 37... Rb5 $16 38. Rdf4 a6 $2 (38... Rxb4 $2 39. Nxd5 Bxd5 40. Rxb4 $18) (38... Rb7 $16 39. Rg2 Re6) 39. Nd7 Re7 {[%emt 0:00:26] Dodges Rf7+} 40. Nb6 Bd3 (40... Rxb4 $2 {too greedy.} 41. Nxd5 Bxd5 42. Rxb4 $18) 41. Rd4 Be4 42. Rf6 Rc7 43. Rd6 Rc2+ 44. Kg3 Rc3+ 45. Kf4 Rb3 46. Rd7+ Kf8 47. Nxd5 Bg2 (47... Bxd5 $142 48. R4xd5 R3xb4+ 49. Ke5 Rxd5+ 50. Rxd5 Ke7) 48. Ke5 $18 {[%emt 0:00:27] Black must now prevent Kf6. White is clearly winning.} Re3+ 49. Kf6 {[%emt 0:00:23] Rd8+ would kill now.} Rf3+ 50. Kxg6 {[%emt 0:00:25] Weighted Error Value: White=0.43/Black=0.59  Loses game:     	---       	Black=2      Mistake:       	White=5     	Black=7      Inaccurate:     	White=3     	Black=4      OK:         	White=14    	Black=9      Best:        	White=3     	Black=3      Strong:       	White=1     	---        Brilliant:      	White=1     	---} 1-0

[Event "Silves Open 2025"]
[Site "Fissul"]
[Date "2025.03.03"]
[Round "4.5"]
[White "Milat, Marcel"]
[Black "Fernandes, Antonio"]
[Result "0-1"]
[Annotator "TA"]
[ECO "E97"]
[WhiteElo "2190"]
[BlackElo "2326"]
[PlyCount "63"]
[EventDate "2025.03.03"]
[EventType "swiss"]
[EventCountry "POR"]
[SourceTitle "playchess.com"]
[Source "ChessBase"]
[SourceQuality "1"]
[TimeControl "5400+30"]

1. d4 Nf6 2. c4 g6 3. Nc3 Bg7 4. e4 d6 5. Nf3 O-O 6. Be2 e5 7. O-O Nc6 8. d5 Ne7 9. b4 Ne8 10. c5 h6 (10... a5 $11) 11. a4 $14 {[%emt 0:00:00] E97: King's Indian: Classical Main Line (6...e5 7 0-0 Nc6): 8 Be3 and 8 d5 Ne7, not 9 Ne1.} f5 12. Nd2 Rf7 13. Ba3 {[%emt 0:00:00] White is better.} Bf8 {[%emt 0:02:18] [#]} (13... fxe4 $14 14. Ndxe4 Nf5) 14. a5 (14. f3 $142 $1) 14... Nf6 15. f3 g5 $146 (15... f4 16. Nc4 g5 17. b5 Ng6 18. b6 axb6 19. axb6 dxc5 20. bxc7 Qxc7 21. Nb5 Qd8 {1-0 Barbeau,S (1968)-Pajak,J (2103) CAN-ch U20 1978-79 (3)}) 16. Nc4 Ng6 17. exf5 Bxf5 18. Ne3 Bc8 19. g3 Ne7 20. Bd3 {[%emt 0:00:00] Inhibits Nf5.} Bh3 21. Re1 h5 22. Ne4 Nxe4 23. fxe4 g4 {[%emt 0:00:29] [#]} 24. Bf1 $1 Bxf1 25. Rxf1 (25. Nxf1 Bh6 $16) 25... Rxf1+ 26. Qxf1 (26. Kxf1 b5 $16) 26... Qe8 27. cxd6 cxd6 28. Qf6 Qg6 29. Qxg6+ Nxg6 30. Rc1 (30. b5 $18) 30... Bh6 $16 31. Kf2 (31. Rc3 $16 {stays on course. Black must now prevent Nf5.} Bxe3+ 32. Rxe3) 31... Rf8+ $19 32. Ke2 {[%emt 0:00:00] Never resign too early!   Weighted Error Value: White=0.46/Black=0.13 (very precise)   Loses game:     	White=1     	---        Mistake:       	White=2     	Black=1      Inaccurate:     	---       	Black=1      OK:         	White=10    	Black=8      Best:        	---       	Black=1} 0-1

[Event "Silves Open 2025"]
[Site "Fissul"]
[Date "2025.03.03"]
[Round "4.6"]
[White "Hopman, Pieter"]
[Black "Ryabukhin, Roman"]
[Result "1-0"]
[Annotator "TA"]
[ECO "C44"]
[WhiteElo "2312"]
[BlackElo "2209"]
[PlyCount "101"]
[EventDate "2025.03.03"]
[EventType "swiss"]
[EventCountry "POR"]
[SourceTitle "playchess.com"]
[Source "ChessBase"]
[SourceQuality "1"]
[TimeControl "5400+30"]

1. Nf3 Nf6 2. d3 Nc6 3. e4 e5 4. c3 d5 5. Nbd2 Be7 6. b4 {[%emt 0:00:34] C44: Ponziani Opening and Scotch Gambit.} a6 7. Bb2 h6 8. a3 {[%emt 0:04:02] The position is equal.} O-O 9. Be2 Be6 10. O-O Nd7 $146 (10... Qd7 11. Qc2 g5 12. c4 dxe4 13. dxe4 Nd4 14. Bxd4 exd4 15. Nb3 c5 16. bxc5 Rac8 {1-0 Trushnikov,S (2525)-Ivanov,M (1749) Kerch Panticapaeum Rapid op 2021 (2)}) 11. exd5 Bxd5 12. Re1 f5 13. c4 Bf7 14. b5 Nd4 15. Nxd4 exd4 16. Nf3 axb5 17. Nxd4 Bf6 {[%emt 0:04:33] White must now prevent ...Nb6.} 18. Qc2 bxc4 19. dxc4 g6 (19... f4 $11 {keeps the balance.}) 20. Rad1 $16 Qc8 (20... Re8 $142) 21. c5 Re8 22. Bc4 Ne5 23. Bxf7+ Nxf7 24. h4 Rxe1+ (24... Ra6 $16) 25. Rxe1 $18 Qd7 {[%emt 0:01:42] [#]} 26. Nxf5 Qxf5 27. Qxf5 gxf5 28. Bxf6 {[%emt 0:00:03][%mdl 4096] Endgame KRB-KRN. White is a pawn up.} Kf8 29. Re3 Ra6 30. Bc3 h5 31. Bb4 {[%emt 0:06:22] and c6+ should not be overlooked} Kg7 32. Re8 Rc6 33. Bc3+ Kg6 34. Rg8+ Kh6 35. Bd4 f4 36. Rb8 Kg6 37. f3 Kf5 38. Rxb7 Nd8 39. Rb8 Ne6 40. Bf2 Ra6 41. Rb3 Ke5 42. Rd3 Ra5 43. Rd7 Kf6 44. Rd5 Kg6 (44... Rxa3 $16 {is a better defense.} 45. Rxh5 Ra1+ 46. Kh2 Rd1 47. Rh6+ Kf7) 45. Re5 Ra6 46. Be1 Nd4 47. Bd2 Rxa3 48. Bxf4 Ra2 (48... Nf5 $142 49. Bg5 Ra6) 49. Rg5+ Kf7 50. Bxc7 Ne6 {[%emt 0:00:07] [#]} 51. Rd5 $1 {[%emt 0:00:06] Weighted Error Value: White=0.05 (flawless) /Black=0.20 (precise)   Mistake:       	---       	Black=5      Inaccurate:     	White=2     	Black=3      OK:         	White=30    	Black=18     Best:        	White=2     	Black=2      Strong:       	White=1     	---} ({Not} 51. Rf5+ Kg6 52. g4 Nxc7 $14) 1-0

[Event "Silves Open 2025"]
[Site "Fissul"]
[Date "2025.03.03"]
[Round "4.7"]
[White "Kuegel, Tobias"]
[Black "Sarabando, Rodrigo Andias"]
[Result "0-1"]
[Annotator "RC"]
[ECO "B81"]
[WhiteElo "2423"]
[BlackElo "2097"]
[PlyCount "141"]
[EventDate "2025.03.03"]
[EventType "swiss"]
[EventCountry "POR"]
[SourceTitle "playchess.com"]
[Source "ChessBase"]
[SourceQuality "1"]
[TimeControl "5400+30"]

1. e4 c5 2. Nf3 e6 3. d4 cxd4 4. Nxd4 Nf6 5. Nc3 d6 6. g4 h6 7. Rg1 Nc6 8. Be3 Bd7 9. Be2 Be7 10. Qd2 Nxd4 11. Qxd4 Bc6 12. O-O-O Qb6 13. Qc4 Qc7 14. h4 d5 15. exd5 Nxd5 16. Nxd5 exd5 17. Qc3 Bf6 18. Bd4 Qf4+ 19. Kb1 Bxd4 20. Qxd4 Qxd4 21. Rxd4 O-O-O 22. Kc1 Kc7 23. b4 a6 24. g5 hxg5 25. Rxg5 g6 26. Rf4 Rd7 27. h5 Re7 28. Kd2 gxh5 29. Bxh5 Re4 30. Rxe4 dxe4 31. Bxf7 Rf8 32. Rg7 Kd6 33. Ke3 Rh8 34. Bc4 Rh3+ 35. Rg3 Rh1 36. Rg6+ Ke5 37. Rg5+ Kd6 38. Bb3 Re1+ 39. Kd2 Ra1 40. c4 Rf1 41. Ke2 Rb1 42. Rf5 Ke6 43. Rh5 Kd6 44. Ke3 Re1+ 45. Kd4 Re2 46. Rh7 Rd2+ 47. Ke3 Rd3+ 48. Ke2 Rc3 49. Rg7 Ke5 50. Rg5+ Kf4 51. Rg8 Ke5 52. Rh8 Rf3 53. Rh1 Kd4 54. Rc1 Rh3 55. Rc2 Rh2 56. Ke1 Rh1+ 57. Kd2 Rf1 58. Ke2 Rh1 59. Rd2+ Kc3 60. Rc2+ Kxb4 61. c5 Bb5+ 62. Ke3 Rh3+ 63. Kd4 Bd3 64. c6 bxc6 65. Rxc6 Rf3 66. Bc4 Bxc4 67. Rxc4+ Ka3 68. Rc2 Rf4 69. Ke3 Rh4 70. Rc4 a5 71. Rc5 0-1

[Event "Silves Open 2025"]
[Site "Fissul"]
[Date "2025.03.03"]
[Round "4.8"]
[White "Moldovan, Lucas Gabriel"]
[Black "Espinosa Aranda, Angel"]
[Result "0-1"]
[Annotator "TA"]
[ECO "C00"]
[WhiteElo "1992"]
[BlackElo "2442"]
[PlyCount "56"]
[EventDate "2025.03.03"]
[EventType "swiss"]
[EventCountry "POR"]
[SourceTitle "playchess.com"]
[Source "ChessBase"]
[SourceQuality "1"]
[TimeControl "5400+30"]

1. e4 e6 2. d3 d5 3. Nd2 Nf6 4. Ngf3 Nc6 5. g3 dxe4 6. dxe4 Bc5 7. Bg2 e5 8. O-O a5 {[%emt 0:03:30] C00: French: Unusual White 2nd moves.} 9. c3 Qd3 10. Ne1 Qd6 {[%emt 0:00:40] The position is equal.} 11. Qc2 Be6 12. Qa4 $146 (12. Nb3 Ba7 13. Nf3 a4 14. Nbd2 O-O 15. Ng5 Rfd8 16. Nxe6 Qxe6 17. h3 h6 18. Re1 {0-1 Makwena,C (1860)-Radeva,V (2297) Olympiad Women-45 2024 (1.13)}) 12... O-O 13. Nc4 Qe7 (13... Qd7 $15) 14. Nd3 $11 Nd7 15. Be3 Bxc4 16. Bxc5 Qe6 (16... Nxc5 {simplifies} 17. Qxc4 Nxd3 18. Qxd3 Na7) 17. Bh3 $2 {[%emt 0:06:33] [#]} Bxd3 $1 $19 18. Bxe6 Nxc5 19. Qa3 Nxe6 20. Rfe1 Ng5 {[%emt 0:02:10] Dodges f3} 21. Re3 {[%emt 0:00:19] White is weak on the light squares} Bxe4 22. f3 (22. f4 $142 Nh3+ 23. Kf1) 22... Nxf3+ 23. Kf2 Nd2 24. Rae1 $2 {[%emt 0:05:34] [#]} (24. Qa4 {keeps fighting.} f5 25. Rd1) 24... Bg6 {[%emt 0:02:03] And now ...Nc4 would win.} 25. b3 f5 26. Kg2 Ne4 27. Rxe4 (27. g4 $142 Nd6 (27... fxg4 28. Rxe4 Bxe4+ 29. Rxe4 $17) 28. gxf5 Rxf5 (28... Nxf5 $2 29. Re4 $19) 29. Rf3) 27... fxe4 28. b4 axb4 {[%emt 0:33:38] Weighted Error Value: White=0.86/Black=0.25 (precise)   Loses game:     	White=1     	---        Mistake:       	White=3     	Black=1      Inaccurate:     	White=3     	Black=1      OK:         	White=6     	Black=10     Best:        	White=3     	Black=1} 0-1

[Event "Silves Open 2025"]
[Site "Fissul"]
[Date "2025.03.03"]
[Round "4.10"]
[White "Serarols Mabras, Bernat"]
[Black "Sanchez Guirado, Francisco"]
[Result "1-0"]
[Annotator "TA"]
[ECO "A55"]
[WhiteElo "2311"]
[BlackElo "2286"]
[PlyCount "195"]
[EventDate "2025.03.03"]
[EventType "swiss"]
[EventCountry "POR"]
[SourceTitle "playchess.com"]
[Source "ChessBase"]
[SourceQuality "1"]
[TimeControl "5400+30"]

1. d4 Nf6 2. c4 d6 3. Nc3 Nbd7 4. e4 e5 5. Nf3 Be7 6. Be2 O-O 7. O-O c6 8. h3 Qc7 9. Be3 Re8 10. d5 c5 {[%emt 0:06:34] A55: Old Indian Defence with Nf3 and e4.} 11. Ne1 Bf8 12. Nd3 h6 $146 {[%emt 0:03:52] White is better.} (12... a6 13. Rb1 h6 14. g4 Nh7 15. f4 exf4 16. Bxf4 Ng5 17. Nf2 Ne5 18. Kg2 Nh7 {½-½ Belliard Alonzo,L (2220)-De Leon,J DOM-ch Santo Domingo 2010 (1)}) 13. b3 g6 (13... Be7 $142) 14. g3 a6 15. a4 Bg7 16. Rc1 Nf8 17. Kg2 g5 18. Bg4 Nxg4 19. hxg4 Bd7 20. f3 Reb8 21. Rf2 b6 {[%emt 0:07:20] White has space advantage and is better} 22. Rb2 b5 23. cxb5 axb5 24. Nxb5 Bxb5 25. axb5 {[%emt 0:00:02] White plays on the queen side and is better} Rxb5 26. b4 Qb7 27. Qd2 Ra3 28. Rc3 (28. bxc5 $2 Rxd3 29. Qxd3 Rxb2+ $19) 28... cxb4 {[%emt 0:05:40] [#]} 29. Rxb4 Rxc3 30. Qxc3 Rxb4 31. Nxb4 Ng6 32. Bf2 Bf8 33. Nc2 Ne7 34. Ne3 Kh7 35. Qc4 Kg8 36. Qa4 Qc8 37. Nc4 Qc7 38. Qa6 Nc8 (38... Kh7 $16 39. Bb6 (39. Qxd6 Qxc4 40. Qf6 Ng6 $17) (39. Nxd6 Nxd5 40. Ne8 Qd8 $14) 39... Qc8) 39. Qc6 $18 {[%emt 0:00:52] Black is weak on the light squares} Qd8 40. Qb7 Kg7 41. Qb8 Qd7 42. Na5 {[%emt 0:01:16] White is much more active.} (42. Ne3) 42... Kg6 43. Nc4 (43. Be1 $142) 43... Kg7 $1 $16 44. Qa8 Qc7 (44... Ne7 $16 45. Qa5 Kh8) 45. Qc6 $18 Qd8 46. Be1 Na7 47. Qb7 Qe7 $2 {[%emt 0:01:16] [#]} (47... Qc8 $16 {was called for.} 48. Qxc8 (48. Qxa7 Qxc4 49. Bf2 Qb3 $11) 48... Nxc8) 48. Nxd6 Qxd6 49. Qxa7 {[%emt 0:00:01][%mdl 4096] Endgame KQB-KQB. White is a pawn up.} Be7 50. Bc3 f6 51. Be1 Kf7 52. Bf2 (52. Kf2 $16) 52... Qb4 $1 $14 53. Qd7 Kg7 54. Qc8 Qd6 55. Qc3 Kf7 (55... Qa6 $16 56. Qc6 Qa3) 56. Qb3 (56. Qa5 $1 $18 {is the precise move to win.}) 56... Kg7 $16 57. Ba7 Kh7 58. Qb7 Qa3 59. Bf2 Kg7 60. Qa7 Qb4 61. Kh3 Kf7 62. Qc7 Qa3 63. Kg2 Qb4 64. Qc2 Qa3 65. Bb6 Qb4 66. Bc7 (66. Bg1 $16) 66... Kg7 (66... Bc5 $11 {remains equal.}) 67. Qa2 (67. Qd1 $1 $16 {aiming for d6.} Bd6 68. Bxd6 Qxd6 69. Qd2) 67... Qc5 $14 68. Bb8 Qb4 69. Ba7 Bd6 70. Be3 Be7 71. Qc2 Qa3 72. Kf2 Qb4 73. Ke2 Qb5+ 74. Qd3 Qb4 75. Bd2 Qc5 76. Qc3 Qd6 77. Be3 Kf7 (77... Qa6+ $14 78. Kf2 Qa2+ 79. Kg1 Kf7) 78. Kf2 (78. Qa5 $1 $18) 78... Kg7 (78... Qb8 $1 $14 79. Kg2 Qb7) 79. Kg2 (79. Qa5 $1 $18) 79... Kf7 (79... Qa6 $14 80. Qc7 Kf8 81. Qb8+ Kf7) 80. Qb2 (80. Qa5 $1 $18) 80... Kg7 81. Ba7 Kf7 (81... Qa6 $14) 82. Kf2 (82. Qa2 $1 $18) 82... Kg7 83. Kg1 Kf7 (83... Qc7 $14 84. Qb6 Qc1+ 85. Kg2 Qd2+ 86. Qf2 Qa5) 84. Kg2 (84. Qa2 $1 $16) 84... Kg7 85. Bb8 Qc5 86. Qb7 Kf8 (86... Qc2+ $5 87. Kh3 Qd1 88. Qxe7+ Kg6 89. Qe8+ Kg7 90. Qe7+ $11) 87. Qc7 Qb5 88. Ba7 {[%emt 0:01:12] Against Bc5} Qb2+ 89. Bf2 Qb4 90. Qc8+ Kg7 $1 91. Qc2 Qa3 ({Better is} 91... Bd6 $14 92. Qc6 Bf8 93. Qc7+ Kg6) 92. Be1 (92. f4 $1 $16 ) 92... Kf7 93. Qe2 $36 {[%emt 0:00:20][%mdl 2048] Black is under pressure.} Qc5 94. Bf2 Qb4 95. Qe1 Qa3 96. Qe3 Qd6 {[%emt 0:00:17] [#]} (96... Qb4 $1 $14 97. Qc1 Qa5) 97. Be1 ({White must play} 97. Qb6 $1 $16 ) 97... Qa3 $2 {[%emt 0:00:11][%mdl 8192] [#]} (97... Qd7 $11 {and Black has nothing to worry.}) 98. Qxa3 $1 {[%emt 0:00:07] Weighted Error Value: White=0.24 (precise) /Black=0.16 (very precise)   Loses game:     	---       	Black=2      Mistake:       	White=14    	Black=12     Inaccurate:     	White=9     	Black=5      OK:         	White=19    	Black=25     Best:        	White=4     	Black=2      Strong:       	White=1     	Black=3      Brilliant:      	White=1     	---} 1-0